 Dungeon Crawl Stone Soup version 0.20-a0-738-gb057e68 (webtiles) character file.

214 polly the Slasher (level 5, -2/39 HPs)
             Began as a Demonspawn Gladiator on Feb 22, 2017.
             Killed by nerve-wracking pain
             ... invoked by Munq's ghost
              (8 damage)
             ... on level 4 of the Dungeon on Feb 23, 2017.
             The game lasted 00:03:41 (3060 turns).

polly the Slasher (Demonspawn Gladiator)            Turns: 3060, Time: 00:03:42

Health: -2/39      AC:  4    Str: 15    XL:     5   Next: 60%
Magic:  5/5        EV: 13    Int: 10    God:
Gold:   165        SH:  0    Dex: 14    Spells: 4/4 levels left

rFire    . . .     SeeInvis .   a - +0 long sword
rCold    . . .     Gourm    .   b - +0 leather armour
rNeg     . . .     Faith    .   (no shield)
rPois    .         Spirit   .   c - +0 helmet
rElec    .         Reflect  .   (no cloak)
rCorr    .         Harm     .   (no gloves)
MR       .....                  (no boots)
Stlth    +++.......             (no amulet)
Regen    0.2/turn               (no ring)
MPRegen  0.1/turn               (no ring)

@: no status effects
A: nightstalker 1, sturdy frame 1
a: no special abilities


You were on level 4 of the Dungeon.
You were not hungry.

You visited 1 branch of the dungeon, and saw 4 of its levels.

You collected 165 gold pieces.

Inventory:

Hand Weapons
 a - a +0 long sword (weapon)
Missiles
 d - 3 throwing nets (quivered)
Armour
 b - a +0 leather armour (worn)
 c - a +0 helmet (worn)
Wands
 q - a wand of random effects (22/48)
Scrolls
 e - a scroll of enchant armour {unknown}
 h - 3 scrolls of identify {unknown}
 i - 3 scrolls of teleportation {unknown}
 j - a scroll of enchant weapon {unknown}
 m - a scroll of amnesia {unknown}
 o - 2 scrolls of remove curse {unknown}
 p - a scroll of fog {unknown}
 s - a scroll of magic mapping {unknown}
Potions
 k - 2 potions of heal wounds {unknown}
 l - a potion of invisibility {unknown}
 n - a potion of curing {unknown}
Comestibles
 f - 3 bread rations
 g - 2 meat rations
 r - 2 chunks of flesh


   Skills:
 + Level 2.6 Fighting
 + Level 4.1 Long Blades
 + Level 2.0 Throwing
 + Level 1.7 Armour
 + Level 3.5 Dodging
 + Level 1.4 Stealth


You had 4 spell levels left.
You didn't know any spells.

Dungeon Overview and Level Annotations

Branches:
Dungeon (4/15)
 Temple: D:4-7

Altars:
Ashenzari
Gozag

Annotations:
D:4 Munq's ghost, amateur DsNe


Innate Abilities, Weirdness & Mutations

You are slightly more attuned to the shadows.
Your movements are slightly less encumbered by armour. (ER -2)


Message History

You are too injured to fight recklessly!
You are too injured to fight recklessly!
You are too injured to fight recklessly!
You are too injured to fight recklessly!
You are too injured to fight recklessly!
You are too injured to fight recklessly!
You are too injured to fight recklessly!
Level annotation: Munq's ghost, amateur DsNe Welcome back, polly the Demonspawn Gladiator.
Press ? for a list of commands and other information.
Munq's ghost is nearby!
You barely miss Munq's ghost.
Munq's ghost is lightly damaged.
Munq's ghost hits you!
* * * LOW HITPOINT WARNING * * *
You closely miss Munq's ghost.
Munq's ghost is lightly damaged.
Munq's ghost casts a spell at you. Pain shoots through your body!
You die...

#..<......
#.........
#.........
#.########
###.##....#
#.........#
#.........#
#.>.......#
#.....@...#
#.....W...#
#.........#
##+####...#
...# ....
.....


You could see Munq's ghost.

Vanquished Creatures
  A centaur skeleton (D:3)
  Ijyb (D:3)
  Natasha (D:3)
  Robin (D:3)
  3 adders
  2 oozes
  A worm (D:3)
  2 dart slugs
  An orc (D:3)
  6 bats
  11 giant cockroaches
  11 goblins
  9 hobgoblins
  8 jackals (D:2)
  8 kobolds
  A quokka (D:3)
  7 frilled lizards
  5 rats
79 creatures vanquished.

Vanquished Creatures (others)
  A goblin (D:3)
  A plant (D:2)
2 creatures vanquished.

Grand Total: 81 creatures vanquished

Notes
Turn   | Place    | Note
-------+----------+-------------------------------------------
     0 | D:1      | polly the Demonspawn Gladiator began the quest for the Orb.
     0 | D:1      | Reached XP level 1. HP: 16/16 MP: 1/1
    44 | D:1      | Reached skill level 3 in Long Blades
    59 | D:1      | Gained mutation: You are slightly more attuned to the shadows. [demonic ancestry]
    59 | D:1      | Reached XP level 2. HP: 16/22 MP: 2/2
   667 | D:2      | Reached XP level 3. HP: 19/27 MP: 3/3
  1308 | D:2      | Reached skill level 1 in Armour
  1327 | D:2      | Reached XP level 4. HP: 19/33 MP: 4/4
  1403 | D:2      | Found a shattered altar of Ashenzari.
  1403 | D:2      | Found an opulent altar of Gozag.
  2208 | D:3      | Reached skill level 1 in Stealth
  2346 | D:3      | Gained mutation: Your movements are slightly less encumbered by armour. (ER -2) [demonic ancestry]
  2346 | D:3      | Reached XP level 5. HP: 35/39 MP: 5/5
  2489 | D:3      | Noticed Robin
  2515 | D:3      | Killed Robin
  2723 | D:3      | Noticed Natasha
  2736 | D:3      | Killed Natasha
  2736 | D:3      | Reached skill level 4 in Long Blades
  3007 | D:3      | Noticed Ijyb
  3021 | D:3      | Killed Ijyb
  3055 | D:4      | Noticed Munq's ghost (amateur DsNe)
  3059 | D:4      | Upgraded the game from 0.20-a0-710-g71b569a to 0.20-a0-738-gb057e68
  3060 | D:4      | Killed from afar by Munq's ghost

Vault maps used:
D:1:      evilmike_arrival_hilbert_curve, hangedman_decor_clover_reticule
D:2:      minmay_roachtagon, gammafunk_temple_overflow_elements, serial_forest,
          infiniplex_forest_zigzag_2, infiniplex_forest_end_3,
          infiniplex_forest_end_2, infiniplex_forest_clump_long,
          infiniplex_forest_clump_tiny, infiniplex_forest_clump_small
D:3:      uniq_natasha, uniq_robin, uniq_iyjb
D:4:      first_bread, lemuel_angel_altar

Skill      XL: |  1  2  3  4  5 |
---------------+----------------+-----
Long Blades    | 3 4 |  4.1
Dodging        | 3 |  3.5
Throwing       | 2 |  2.0
Armour         | 1 |  1.7
Stealth        | 1 |  1.4
Fighting       | |  2.6

Action                   |  1- 3 |  4- 6 || total
-------------------------+-------+-------++-------
Melee: Long sword        |    96 |   112 ||   208
 Stab: Sleeping          |     2 |     7 ||     9
       Distracted        |     2 |       ||     2
  Eat: Chunk             |     1 |     4 ||     5
       Royal jelly       |       |     1 ||     1
Armor: Leather armour    |    39 |    38 ||    77
Dodge: Dodged            |   102 |    97 ||   199
       Rpst.: Long sword |    28 |    34 ||    62
